 Dungeon Crawl Stone Soup version 0.22.1-1-ga44c0e5 (webtiles) character file.

625 brandon the Chopper (level 7, 0/91 HPs)
             Began as a Minotaur Berserker on Oct 2, 2018.
             Was a Priest of Trog.
             Slain by Pikel
             ... wielding a +1 whip of electrocution
              (4 damage)
             ... on level 5 of the Dungeon.
             The game lasted 00:06:09 (4086 turns).

brandon the Chopper (Minotaur Berserker)            Turns: 4086, Time: 00:06:10

Health: 0/91       AC:  8    Str: 26    XL:     7   Next: 23%
Magic:  0/6        EV: 13    Int:  4    God:    Trog [***...]
Gold:   189        SH:  0    Dex: 12    Spells: 6/6 levels left

rFire    + . .     SeeInvis .   s - +0 broad axe
rCold    . . .     Gourm    .   (no shield)
rNeg     . . .     Faith    .   r - +2 ring mail {rPois}
rPois    +         Spirit   +   (helmet restricted)
rElec    .         Reflect  .   (no cloak)
rCorr    .         Harm     .   (no gloves)
MR       .....                  (no boots)
Stlth    ..........             z - amulet of guardian spirit
HPRegen  0.25/turn              y - ring of protection from fire
MPRegen  0.10/turn              v - ring of poison resistance

@: berserking, very quick
A: retaliatory headbutt, horns 2
a: Berserk, Trog's Hand, Renounce Religion


You were on level 5 of the Dungeon.
You worshipped Trog.
Trog was most pleased with you.
You were very hungry.

You visited 1 branch of the dungeon, and saw 5 of its levels.

You collected 189 gold pieces.

Inventory:

Hand Weapons
 s - a +0 broad axe (weapon)
Armour
 r - a +2 ring mail of poison resistance (worn)
Jewellery
 v - a ring of poison resistance (right hand)
 y - a ring of protection from fire (left hand)
 z - an amulet of guardian spirit (around neck)
Wands
 a - a wand of polymorph (26)
Scrolls
 b - a scroll of fear {unknown}
 e - 2 scrolls of enchant armour
 f - 5 scrolls of remove curse
 i - 2 scrolls of magic mapping {unknown}
 j - 3 scrolls of teleportation
 n - 5 scrolls of blinking
 o - 6 scrolls of identify
 q - a scroll of noise {unknown}
 w - a scroll of fog {unknown}
Potions
 d - 2 potions of degeneration
 g - a potion of heal wounds {unknown}
 h - a potion of haste {unknown}
 k - a potion of cancellation {unknown}
 l - a potion of curing {unknown}
 m - 2 potions of lignification {unknown}
 p - a potion of mutation {unknown}
 t - 2 potions of flight {unknown}
 u - a potion of agility {unknown}
 x - a potion of resistance {unknown}
Comestibles
 c - 9 rations


   Skills:
 + Level 5.6 Fighting
 * Level 7.0 Axes
 + Level 4.7 Armour
 + Level 4.2 Dodging
   Level 0.0 Shields


You had 6 spell levels left.
You didn't know any spells.
Your spell library was empty.

Dungeon Overview and Level Annotations

Branches:
Dungeon (5/15)
 Temple: D:4-7

Altars:
Ashenzari
Kikubaaqudgha
Yredelemnul
The Shining One

Annotations:
D:5 Pikel


Innate Abilities, Weirdness & Mutations

You reflexively headbutt those who attack you in melee.
You have a pair of horns on your head.


Message History

Pikel is lightly wounded.
Pikel hits you but does no damage.
You hit Pikel. Your headbutt misses Pikel.
Pikel is lightly wounded.
Pikel hits you but does no damage.
You are electrocuted!
Pikel hits you but does no damage.
You closely miss Pikel. You headbutt Pikel.
Pikel is lightly wounded.
Pikel hits you with a whip of electrocution.
You are electrocuted!
* * * LOW HITPOINT WARNING * * *
A red film seems to cover your vision as you go berserk!
You feel yourself moving faster!
You feel mighty!
You are feeling very hungry.
Pikel hits you with a whip of electrocution.
* * * LOW HITPOINT WARNING * * *
You slash Pikel!
Pikel is severely wounded.
Pikel hits you with a whip of electrocution.
You die...

#..#...# # #..####
#..#...# #. #.#.##
#.._...# #.#.###.##
##..#...# ..# ##.#
#...#...# ###.###.##
#..###..# #.#.##
#..###p.#######..####
#..###p..............
#...@Kpp###.###..###.
#.#.##### #.# #..#
#... #.# #..# ###.
#.# #... #. #.# .....
#. #.# ...... #. #.#
....... #. #.#


You could see Pikel and 4 slaves.

Vanquished Creatures
  Grinder (D:4)
  Sigmund (D:5)
  2 crimson imps (D:5)
  An orc priest (D:5)
  An orc wizard (D:5)
  A worker ant (D:4)
  5 adders
  A shadow imp (D:5)
  An ooze (D:4)
  2 worms (D:2)
  3 dart slugs
  2 leopard geckos (D:5)
  11 orcs
  5 giant cockroaches
  3 goblins (D:1)
  6 hobgoblins
  6 jackals
  4 kobolds
  A quokka (D:3)
  10 bats
  4 frilled lizards
  8 rats
79 creatures vanquished.

Notes
Turn   | Place    | Note
-------+----------+-------------------------------------------
     0 | D:1      | brandon the Minotaur Berserker began the quest for the Orb.
     0 | D:1      | Reached XP level 1. HP: 19/19 MP: 0/0
   378 | D:1      | Reached XP level 2. HP: 27/27 MP: 1/1
   385 | D:1      | Reached skill level 4 in Axes
  1058 | D:2      | Reached XP level 3. HP: 32/33 MP: 2/2
  1101 | D:2      | Reached ** piety under Trog
  1162 | D:2      | Found a faded altar of an unknown god.
  2327 | D:3      | Reached XP level 4. HP: 40/40 MP: 3/3
  2403 | D:3      | Reached skill level 5 in Axes
  2412 | D:3      | Found an ancient bone altar of Kikubaaqudgha.
  2599 | D:3      | Found a glowing golden altar of the Shining One.
  2602 | D:3      | Noticed an angel
  2625 | D:3      | Found a basalt altar of Yredelemnul.
  2935 | D:4      | Noticed Grinder
  2940 | D:4      | Killed Grinder
  2940 | D:4      | Reached skill level 5 in Fighting
  2940 | D:4      | Reached skill level 6 in Axes
  2940 | D:4      | Reached XP level 5. HP: 48/48 MP: 4/4
  2940 | D:4      | Reached XP level 6. HP: 56/56 MP: 5/5
  3514 | D:5      | Entered Level 5 of the Dungeon
  3514 | D:5      | Noticed Sigmund
  3520 | D:5      | Killed Sigmund
  3801 | D:5      | Reached XP level 7. HP: 61/61 MP: 2/6
  3830 | D:5      | Reached *** piety under Trog
  3857 | D:5      | Reached skill level 7 in Axes
  4068 | D:5      | Found a shattered altar of Ashenzari.
  4069 | D:5      | Noticed Pikel
  4085 | D:5      | HP: 4/91 [Pikel/whip of electrocution (3)]
  4086 | D:5      | Slain by Pikel

Skill      XL: |  1  2  3  4  5  6  7 |
---------------+----------------------+-----
Axes           | 4 6 7 |  7.0
Fighting       | 4 5 |  5.6
Armour         | 3 4 |  4.7
Dodging        | 3 4 |  4.2

Action                   |  1- 3 |  4- 6 |  7- 9 || total
-------------------------+-------+-------+-------++-------
Melee: Hand axe          |    83 |    38 |       ||   121
       Headbutt          |    12 |    15 |    10 ||    37
       Broad axe         |       |    30 |    37 ||    67
Invok: Berserk           |       |     2 |     1 ||     3
  Use: Scroll            |       |     5 |       ||     5
 Stab: Sleeping          |     1 |       |       ||     1
  Eat: Chunk             |     3 |     4 |     1 ||     8
       Ration            |       |     1 |       ||     1
Armor: Animal skin       |    10 |     6 |       ||    16
       Ring mail         |       |    14 |    11 ||    25
Dodge: Dodged            |    57 |    46 |    23 ||   126
Block: Shield            |       |     6 |       ||     6
